[ AOE2 MATCH · #506478818 ]
UnrankedTeutons vs Dravidians
Player's team · LOSS
[ REPLAY ANALYSIS · EXTRACTED FROM THE RECORDED GAME ]
Feudal
9:49
Castle
—
Imperial
—
| APM avg | 42.7 |
| APM peak | 118 |
| eAPM avg | 14.9 |
| Villagers / military | 44 / 2 |
Focus
⚔️ 27.0% · 🌾 73.0%
Fishing Ship ×4 · Transport Ship ×2
Feudal
12:42
Castle
—
Imperial
—
| APM avg | 66.8 |
| APM peak | 115 |
| eAPM avg | 34.7 |
| Villagers / military | 45 / 8 |
Focus
⚔️ 22.3% · 🌾 77.7%
Fishing Ship ×22 · Fire Galley ×4 · Galley ×3 · Transport Ship ×1
Match map
Initial resources + every placement click. Lines = walls · curves = elevation contours. ◆ gold · ⬟ stone · ● berries · ✦ relic · ◌ wall gap
Your base· ✓ Map-separated
UXKEKO's base· ✓ Map-separated
Smoothed initial terrain · ◌ = detected wall gap · hover for details
Inputs per minute
— kim.henrik.himanen123 - - UXKEKO
Build order — kim.henrik.himanen123
60 actions detected in the replay
| 0:00 | Queue | Villager (Male) ×4 |
| 0:02 | Build | House |
| 0:02 | Build | House |
| 1:12 | Queue | Villager (Male) |
| 1:12 | Queue | Villager (Male) |
| 1:52 | Queue | Villager (Male) |
| 2:28 | Queue | Villager (Male) |
| 2:28 | Queue | Villager (Male) |
| 2:30 | Queue | Villager (Male) |
| 2:30 | Queue | Villager (Male) |
| 2:37 | Build | Dock |
| 3:14 | Queue | Villager (Male) |
| 3:14 | Queue | Villager (Male) |
| 3:46 | Queue | Villager (Male) |
| 3:53 | Queue | Fishing Ship |
| 4:00 | Build | House |
| 4:04 | Research | Loom |
| 4:21 | Queue | Villager (Male) |
| 4:21 | Queue | Villager (Male) |
| 4:26 | Queue | Villager (Male) |
| 4:49 | Queue | Fishing Ship |
| 4:50 | Queue | Fishing Ship |
| 4:51 | Queue | Villager (Male) |
| 4:51 | Queue | Villager (Male) |
| 5:08 | Queue | Villager (Male) |
| 5:12 | Queue | Villager (Male) |
| 5:22 | Queue | Villager (Male) |
| 5:42 | Build | House |
| 5:50 | Queue | Villager (Male) |
| 5:50 | Queue | Villager (Male) |
| 5:58 | Queue | Villager (Male) |
| 5:58 | Queue | Villager (Male) |
| 6:06 | Queue | Villager (Male) |
| 6:28 | Queue | Villager (Male) |
| 6:30 | Build | Mining Camp |
| 6:31 | Queue | Villager (Male) |
| 7:39 | Research | Feudal Age |
| 7:48 | Build | Lumber Camp |
| 7:58 | Build | Lumber Camp |
| 8:38 | Queue | Transport Ship |
| 8:38 | Queue | Transport Ship |
| 9:01 | Queue | Villager (Male) ×5 |
| 9:04 | Build | House |
| 9:44 | Queue | Villager (Male) |
| 9:49 | Age | Feudal Age |
| 9:52 | Research | Double-Bit Axe |
| 10:40 | Queue | Villager (Male) |
| 11:15 | Queue | Fishing Ship |
| 11:34 | Queue | Villager (Male) ×4 |
| 12:13 | Queue | Villager (Male) |
| 12:25 | Build | Watch Tower |
| 12:27 | Build | Palisade Wall |
| 12:28 | Build | Palisade Wall |
| 12:29 | Build | Palisade Wall |
| 12:48 | Queue | Villager (Male) |
| 12:54 | Queue | Villager (Male) |
| 12:54 | Queue | Villager (Male) |
| 12:55 | Build | House |
| 13:38 | Build | Watch Tower |
| 13:48 | Build | Watch Tower |
Build order — UXKEKO
91 actions detected in the replay
| 0:00 | Queue | Villager (Male) |
| 0:01 | Queue | Villager (Male) |
| 0:02 | Build | House |
| 0:03 | Build | House |
| 0:09 | Queue | Villager (Male) |
| 0:09 | Queue | Villager (Male) |
| 0:09 | Queue | Villager (Male) |
| 1:04 | Queue | Villager (Male) |
| 1:04 | Queue | Villager (Male) |
| 1:33 | Queue | Villager (Male) |
| 1:45 | Build | Lumber Camp |
| 1:56 | Queue | Villager (Male) |
| 2:19 | Queue | Villager (Male) |
| 2:20 | Queue | Villager (Male) |
| 2:37 | Queue | Villager (Male) |
| 2:37 | Queue | Villager (Male) |
| 3:03 | Queue | Villager (Male) |
| 3:03 | Queue | Villager (Male) |
| 3:06 | Build | House |
| 3:35 | Queue | Villager (Male) |
| 3:35 | Queue | Villager (Male) |
| 4:01 | Queue | Villager (Male) |
| 4:01 | Queue | Villager (Male) |
| 4:20 | Queue | Villager (Male) |
| 4:20 | Queue | Villager (Male) |
| 4:37 | Queue | Villager (Male) |
| 4:37 | Queue | Villager (Male) |
| 4:40 | Build | Dock |
| 5:10 | Queue | Villager (Male) |
| 5:35 | Queue | Villager (Male) |
| 5:35 | Queue | Villager (Male) |
| 5:43 | Queue | Fishing Ship |
| 5:46 | Queue | Fishing Ship |
| 6:00 | Build | Lumber Camp |
| 6:04 | Queue | Villager (Male) |
| 6:04 | Queue | Villager (Male) |
| 6:36 | Queue | Fishing Ship |
| 6:39 | Build | House |
| 6:42 | Queue | Villager (Male) |
| 6:42 | Queue | Villager (Male) |
| 7:04 | Queue | Villager (Male) |
| 7:04 | Queue | Villager (Male) |
| 7:21 | Build | Dock |
| 7:39 | Queue | Fishing Ship |
| 7:41 | Queue | Villager (Male) |
| 7:41 | Queue | Villager (Male) |
| 7:41 | Queue | Villager (Male) |
| 8:01 | Queue | Fishing Ship |
| 8:12 | Queue | Villager (Male) |
| 8:12 | Queue | Villager (Male) |
| 8:28 | Build | Dock |
| 8:32 | Queue | Fishing Ship |
| 8:33 | Queue | Fishing Ship |
| 8:33 | Queue | Fishing Ship |
| 8:38 | Build | Dock |
| 8:39 | Queue | Villager (Male) |
| 8:39 | Queue | Villager (Male) |
| 8:47 | Queue | Fishing Ship |
| 8:47 | Queue | Fishing Ship |
| 8:47 | Queue | Fishing Ship |
| 9:04 | Research | Loom |
| 9:09 | Queue | Fishing Ship |
| 9:09 | Queue | Fishing Ship |
| 9:29 | Queue | Fishing Ship |
| 9:29 | Queue | Fishing Ship |
| 9:29 | Queue | Fishing Ship |
| 9:36 | Build | House |
| 9:43 | Queue | Fishing Ship |
| 9:43 | Queue | Fishing Ship |
| 10:07 | Queue | Villager (Male) |
| 10:24 | Research | Feudal Age |
| 10:31 | Build | Mining Camp |
| 10:39 | Queue | Fishing Ship |
| 10:39 | Queue | Fishing Ship |
| 10:40 | Queue | Fishing Ship |
| 10:40 | Queue | Fishing Ship |
| 11:07 | Build | Dock |
| 11:21 | Queue | Villager (Male) |
| 11:22 | Queue | Villager (Male) |
| 11:25 | Queue | Transport Ship |
| 12:42 | Age | Feudal Age |
| 12:42 | Queue | Villager (Male) |
| 12:48 | Queue | Fire Galley |
| 12:49 | Queue | Fire Galley |
| 13:57 | Queue | Villager (Male) |
| 14:14 | Queue | Galley |
| 14:14 | Queue | Galley |
| 14:15 | Queue | Galley |
| 14:41 | Queue | Fire Galley |
| 14:41 | Queue | Fire Galley |
| 15:05 | Queue | Villager (Male) |
Match timeline
| 2:37 | kim.henrik.himanen123 · first_building Dock |
| 4:40 | UXKEKO · first_building Dock |
| 9:49 | kim.henrik.himanen123 · age_up feudal |
| 12:27 | kim.henrik.himanen123 · wall_segment Palisade Wall x1 |
| 12:28 | kim.henrik.himanen123 · wall_segment Palisade Wall x1 |
| 12:29 | kim.henrik.himanen123 · wall_segment Palisade Wall x1 |
| 12:42 | UXKEKO · age_up feudal |
| 15:08 | kim.henrik.himanen123 · resign |
[ AI ANALYSIS · 1 CREDIT ]
What really happened in this match?
Wolo.gg analyzes every decision: build order, eco, micro, common mistakes by bracket. Personalized analysis on WhatsApp or Discord in 30 seconds.
Civ guide
Teutons
Perfil
Jugador #25475928